 Dungeon Crawl Stone Soup version 0.30.0-15-g856e2d3f33 (webtiles) character file.

Game seed: 1686964514212532193

87 qw the Chopper (level 4, -3/28 HPs)
             Began as a Gargoyle Fighter on May 20, 2023.
             Slain by a gnoll
             ... wielding a +0 halberd
              (5 damage)
             ... on level 2 of the Dungeon.
             The game lasted 00:00:32 (830 turns).

qw the Chopper (Gargoyle Fighter)                    Turns: 830, Time: 00:00:33

Health: -3/28      AC: 11    Str: 21    XL:     4   Next: 51%
Magic:  4/4        EV:  9    Int:  9    God:
Gold:   61         SH:  4    Dex:  9    Spells: 3/3 levels left

rFire   . . .        Y - +0 war axe
rCold   . . .        c - +0 buckler
rNeg    + . .        b - +0 scale mail
rPois   inf          (no helmet)
rElec   +            j - +0 cloak
rCorr   .            (no gloves)
SInv    .            (no boots)
Will    .....        (no amulet) Stlth
                     (no ring)
HPRegen 0.24/turn    (no ring)
MPRegen 0.09/turn

%: no passive effects
@: no status effects
A: sickness immunity, AC +3, negative energy resistance 1, electricity
resistance, torment resistance 1, petrification resistance
a: no special abilities


You were on level 2 of the Dungeon.
You visited 1 branch of the dungeon, and saw 2 of its levels.

You collected 61 gold pieces.


Innate Abilities, Weirdness & Mutations

You are immune to sickness and miasma.
Your stone body is resilient. (AC +3)
You are immune to poison.
You resist negative energy. (rN+)
You are resistant to electric shocks. (rElec)
You are resistant to unholy torment.
You are immune to petrification.


   Skills:
 - Level 3.2 Fighting
 + Level 4.2 Axes
 - Level 3.2 Armour
 - Level 3.2 Shields


You had 3 spell levels left.
You didn't know any spells.
Your spell library was empty.

Inventory:

Hand Weapons
 k - a +0 whip
 Y - a +0 war axe (weapon)
Armour
 b - a +0 scale mail (worn)
 c - a +0 buckler (worn)
 j - a +0 cloak (worn)
Scrolls
 i - 2 scrolls of identify
Potions
 a - a potion of attraction {unknown}
 d - a potion of might
 e - a potion of lignification
 f - a potion of invisibility {unknown}
 g - a potion of curing
 h - a potion of haste {unknown}

Dungeon Overview and Level Annotations

Branches:
Dungeon (2/15)

Altars:


Message History

You kill the gnoll!
You hit the kobold.
You kill the kobold!
You barely miss the adder. You block the adder's attack. The adder bites you.
Your Axes skill increases to level 4!
You miss the adder. The adder completely misses you.
You closely miss the adder.
The gnoll shouts!
The adder bites you but does no damage. The adder barely misses you.
You miss the adder.
The adder bites you but does no damage. x2
You slash the adder!
You kill the adder!
The gnoll hits you with a +0 halberd.
You see here a +0 flail.
You hit the gnoll but do no damage. The gnoll barely misses you.
The gnoll misses you.
You hit the gnoll but do no damage. The gnoll barely misses you.
You hit the gnoll.
The gnoll is heavily wounded.
The gnoll hits you with a +0 halberd.
You hit the gnoll.
The gnoll is heavily wounded.
The gnoll barely misses you. The gnoll hits you but does no damage.
You barely miss the gnoll.
The gnoll is heavily wounded.
The gnoll closely misses you.
You barely miss the gnoll.
The gnoll is heavily wounded.
You block the gnoll's attack.
You hit the gnoll but do no damage.
The gnoll is heavily wounded.
The gnoll hits you with a +0 halberd. x2
You hit the gnoll.
The gnoll is almost dead.
The gnoll hits you with a +0 halberd.
You die...

#..... #..... ...
#..... ...... #.....
...... ..... ..#..##
... ....[..
#g###..#....
#.@.).......
####).#....#.
##.....%.####
#........#
##............
###............$
####............##..#
#................. ..
#.................. #


You could see a gnoll.

Vanquished Creatures
  2 adders (D:2)
  3 gnolls (D:2)
  2 dart slugs (D:1)
  3 bats
  An endoplasm (D:2)
  2 giant cockroaches
  3 goblins (D:1)
  2 hobgoblins (D:1)
  4 jackals
  2 quokkas (D:2)
  3 ball pythons
  5 kobolds
  3 rats (D:1)
35 creatures vanquished.

Notes
Turn   | Place    | Note
-------+----------+-------------------------------------------
     0 | D:1      | qw the Gargoyle Fighter began the quest for the Orb.
     0 | D:1      | Reached XP level 1. HP: 14/14 MP: 1/1
     0 | D:1      | 0 ||| qw: Version: 0.2-a-97-g499787f
     0 | D:1      | 0 ||| qw: Game counter: 62
     0 | D:1      | 0 ||| qw: Always use a shield: true
     0 | D:1      | 0 ||| qw: God list: Okawaru
     0 | D:1      | 0 ||| qw: Allow faded altars: false
     0 | D:1      | 0 ||| qw: Do Orc after D:15 true
     0 | D:1      | 0 ||| qw: Do second Lair branch before Depths: true
     0 | D:1      | 0 ||| qw: Lair rune preference: random
     0 | D:1      | 0 ||| qw: Plans: Normal, Zot:1-4, God:TSO, Crypt, Tomb,
                  | Pan, Slime:5, Hells, Abyss, Win
     0 | D:1      | 0 ||| PLANNING D:1-11
    29 | D:1      | 29 ||| Stepping ~*~*~tactically~*~*~ (stealth).
    31 | D:1      | 31 ||| Stepping ~*~*~tactically~*~*~ (hiding).
    38 | D:1      | Reached skill level 2 in Axes
   157 | D:1      | Reached XP level 2. HP: 19/19 MP: 2/2
   400 | D:1      | 400 ||| DROPPING +0 club.
   452 | D:1      | 452 ||| Stepping ~*~*~tactically~*~*~ (stealth).
   453 | D:1      | 453 ||| Stepping ~*~*~tactically~*~*~ (stealth).
   455 | D:1      | 455 ||| Stepping ~*~*~tactically~*~*~ (stealth).
   457 | D:1      | 457 ||| Stepping ~*~*~tactically~*~*~ (stealth).
   459 | D:1      | Reached skill level 3 in Axes
   520 | D:1      | Reached XP level 3. HP: 20/23 MP: 3/3
   624 | D:1      | Found a faded altar of an unknown god.
   646 | D:1      | 646 ||| UPGRADING to +0 cloak.
   651 | D:1      | 651 ||| READING 2 scrolls labelled MAPPUJ DAPHI.
   652 | D:1      | 652 ||| READING 2 scrolls labelled WASIADDUEGH.
   653 | D:1      | 653 ||| DRINKING 2 emerald potions.
   678 | D:1      | 678 ||| DRINKING 2 blue potions.
   679 | D:1      | 679 ||| DROPPING scroll of immolation.
   804 | D:2      | 804 ||| Stepping ~*~*~tactically~*~*~ (stealth).
   815 | D:2      | Reached XP level 4. HP: 16/28 MP: 4/4
   817 | D:2      | HP: 7/28 [adder (1)]
   818 | D:2      | Reached skill level 4 in Axes
   825 | D:2      | HP: 5/28 [gnoll/+0 halberd (4)]
   829 | D:2      | HP: 2/28 [gnoll/+0 halberd (2)]
   830 | D:2      | Slain by a gnoll

Levels and vault maps discovered:
D:1:      shiori_arrival_oz, layout_rooms,
          hellmonk_ecumenical_altar_leap_of_faith
D:2:      layout_rooms, basic_altar, chequers_decorated_corner,
          grunt_decor_junction

Skill      XL: |  1  2  3  4 |
---------------+-------------+-----
Axes           | 2 3 4 |  4.2
Fighting       | |  3.2
Armour         | |  3.2
Shields        | |  3.2

Action                     |  1- 3 |  4- 6 || total
---------------------------+-------+-------++-------
  Melee: War axe           |    79 |    15 ||    94
    Use: Scroll            |     2 |       ||     2
         Potion            |     2 |       ||     2
 Armour: Scale mail        |    63 |     7 ||    70
  Dodge: Dodged            |    51 |    10 ||    61
  Block: Buckler           |    25 |     3 ||    28

Table legend:
 A = Non-vault XP
 B = Vault XP
 C = Vault XP percentage of total XP
 D = Non-vault monster count
 E = Vault monster count
 F = Vault count percentage of total count
                 A         B        C        D         E       F
            +---------+---------+-------+---------+---------+-------
      Total |     123 |       2 |   1.6 |      34 |       1 |   2.9
            +---------+---------+-------+---------+---------+-------
        D:1 |      36 |       2 |   5.3 |      20 |       1 |   4.8
        D:2 |      87 |       0 |   0.0 |      14 |       0 |   0.0
            +---------+---------+-------+---------+---------+-------
